 Dungeon Crawl Stone Soup version 0.30-a0-737-gf23d94013f (webtiles) character file.

Game seed: 10032002603995943632

110 retardedninja the Trooper (level 4, 0/29 HPs)
             Began as a Gargoyle Fighter on Feb 2, 2023.
             Slain by Terence
             ... wielding a +0 heavy hand axe
              (11 damage)
             ... on level 3 of the Dungeon.
             The game lasted 00:01:43 (1256 turns).

retardedninja the Trooper (Gargoyle Fighter)        Turns: 1256, Time: 00:01:44

Health: 0/29       AC: 10    Str: 22    XL:     4   Next: 91%
Magic:  4/4        EV:  9    Int:  8    God:
Gold:   149        SH:  4    Dex:  9    Spells: 3/3 levels left

rFire   . . .      SeeInvis .    a - +0 flail
rCold   . . .      Faith    .    c - +0 buckler
rNeg    + . .      Spirit   .    b - +0 scale mail
rPois   ∞          Reflect  .    (no helmet)
rElec   +          Harm     .    (no cloak)
rCorr   .          Rampage  .    (no gloves)
Will    .....                    (no boots) Stlth
                                 (no amulet)
HPRegen 0.24/turn                (no ring)
MPRegen 0.09/turn                (no ring)

@: invisible
A: sickness immunity, AC +3, negative energy resistance 1, electricity
resistance, torment resistance 1, petrification resistance
a: no special abilities


You were on level 3 of the Dungeon.
You visited 1 branch of the dungeon, and saw 3 of its levels.

You collected 149 gold pieces.

Inventory:

Hand Weapons
 a - a +0 flail (weapon)
Armour
 b - a +0 scale mail (worn)
 c - a +0 buckler (worn)
Scrolls
 e - 2 scrolls of identify {unknown}
 g - a scroll of fear {unknown}
 j - a scroll of butterflies {unknown}
 k - a scroll of enchant weapon {unknown}
 l - a scroll of immolation {unknown}
Potions
 d - 2 potions of might
 h - a potion of degeneration {unknown}


   Skills:
 + Level 4.1 Fighting
 + Level 3.0 Maces & Flails
 + Level 4.1 Armour
 + Level 4.1 Shields


You had 3 spell levels left.
You didn't know any spells.
Your spell library contained the following spells:

 Spells                   Type           Power      Damage    Failure   Level
 Poisonous Vapours        Pois/Air       0%         N/A       91%         2
 Gell's Gravitas          Tloc           0%         N/A       99%         3
 Mephitic Cloud           Conj/Pois/Air  0%         N/A       99%         3
 Teleport Other           Tloc           0%         N/A       99%         3
 Dispersal                Tloc           0%         N/A       100%        6
 Cigotuvi's Dreadful Rot  Necr/Pois/Air  Unusable   N/A       N/A         2

Dungeon Overview and Level Annotations

Branches:
Dungeon (3/15)

Altars:

Annotations:
D:3 Terence


Innate Abilities, Weirdness & Mutations

You are immune to sickness and miasma.
Your stone body is resilient. (AC +3)
You are immune to poison.
You resist negative energy. (rN+)
You are resistant to electric shocks. (rElec)
You are resistant to unholy torment.
You are immune to petrification.


Message History

A bat comes into view.
A bat is nearby!
A bat is nearby!
You throw a javelin. The javelin closely misses the bat.
The bat closely misses you.
You throw a javelin. The javelin barely misses the bat.
You block the bat's attack. The bat hits you but does no damage.
You barely miss the bat. The bat misses you.
The bat hits you but does no damage.
You throw a javelin. The javelin pierces through the bat.
You kill the bat!
No target in view!
i - 4 javelins (gained 2)
i - 5 javelins (gained 1)
You now have 149 gold pieces (gained 13).
l - a scroll labelled JURYWO NIOJ
Found a stone staircase leading up.
Terence the Incautious comes into view.
He is wielding a +0 heavy hand axe.
Terence shouts!
Terence is nearby!
You throw a javelin.
The javelin pierces through Terence but does no damage.
Terence screams, "I want your blood!"
You throw a javelin. The javelin closely misses Terence.
You throw a javelin. The javelin pierces through Terence!
Terence is heavily wounded.
Terence drinks a potion.
Terence goes berserk!
You throw a javelin. The javelin barely misses Terence.
You block Terence's attack.
You throw a javelin. The javelin closely misses Terence.
Terence hits you but does no damage.
Terence hits you with a +0 heavy hand axe!!
Ouch! That really hurt!
You are too injured to fight recklessly!
You fade into invisibility!
Terence closely misses you.
You hit Terence but do no damage.
Terence is moderately wounded.
Terence hits you with a +0 heavy hand axe!
You die...

.)#........#####........#
##.##......##...........#
#..#...........#.......#
.......................##
........................#
............#####.......##
............................
######...#.............####.
#.#.####...@.....## ..#.#
#...@.....# #.........#
#........?# #..((....<#
#..######## #(. #(#


You could see Terence (berserk, unable to see you).

Vanquished Creatures
  An orc wizard (D:3)
  3 adders (D:2)
  5 orcs
  8 bats
  3 endoplasms (D:2)
  2 giant cockroaches (D:2)
  6 goblins
  5 hobgoblins
  A quokka (D:1)
  2 ball pythons
  2 frilled lizards (D:2)
  6 kobolds
  8 rats
52 creatures vanquished.

Notes
Turn   | Place    | Note
-------+----------+-------------------------------------------
     0 | D:1      | retardedninja the Gargoyle Fighter began the quest for the
                  | Orb.
     0 | D:1      | Reached XP level 1. HP: 14/14 MP: 1/1
   172 | D:1      | Reached XP level 2. HP: 12/19 MP: 2/2
   260 | D:1      | Found a faded altar of an unknown god.
   507 | D:2      | Reached XP level 3. HP: 23/23 MP: 3/3
   779 | D:2      | Reached XP level 4. HP: 29/29 MP: 4/4
  1249 | D:3      | Noticed Terence
  1256 | D:3      | Slain by Terence

Illustrated notes

Levels and vault maps discovered:
D:1:      heliophobic_arrival_henge, layout_basic, ebering_ecumenical_altar_box,
          st_stairs_8
D:2:      layout_loops_ring
D:3:      minmay_razor_zed, layout_rooms, old_standard_altar,
          hangedman_decor_push, uniq_terence, uniq_crazy_yiuf_cottage,
          uniq_natasha

Skill      XL: |  1  2  3  4 |
---------------+-------------+-----
Armour         | 4 |  4.1
Fighting       | 4 |  4.1
Shields        | 4 |  4.1
Maces & Flails | 3 |  3.0

Action                     |  1- 3 |  4- 6 || total
---------------------------+-------+-------++-------
  Melee: Flail             |   108 |    43 ||   151
  Throw: Javelin           |       |    16 ||    16
    Use: Potion            |       |     1 ||     1
 Armour: Scale mail        |    57 |    35 ||    92
  Dodge: Dodged            |    43 |    31 ||    74
  Block: Buckler           |    26 |    13 ||    39

Table legend: (Time is in decaauts)
 A = Elapsed time spent in this place.
 B = Non-inter-level travel time spent in this place.
 C = Inter-level travel time spent in this place.
 D = Time resting spent in this place.
 E = Time spent auto-exploring this place.
 F = Levels seen in this place.
 G = Mean time per level.
                   A        B        C        D        E       F      G
               +--------+--------+--------+--------+--------+-----+--------+
         Total |   1312 |   1287 |     25 |      0 |    933 |   3 |  437.3 |
       Dungeon |   1312 |   1287 |     25 |      0 |    933 |   3 |  437.3 |
               +--------+--------+--------+--------+--------+-----+--------+

Top non-repeatable levels by time:
     D:2: 673 daAuts
     D:1: 487 daAuts
     D:3: 152 daAuts
